 Dungeon Crawl Stone Soup version 0.31-a0-728-g01b46875f1 (webtiles) character file.

Game seed: 11646905622231875821

581 pokeman the Magician (level 7, -1/38 HPs)
             Began as a Deep Elf Hedge Wizard on Sept 11, 2023.
             Slain by an ice beast (14 damage)
             ... on level 5 of the Dungeon.
             The game lasted 00:08:28 (3992 turns).

pokeman the Magician (Deep Elf Hedge Wizard)        Turns: 3992, Time: 00:08:29

Health: -1/38      AC:  6    Str: 10    XL:     7   Next: 13%
Magic:  15/19      EV: 13    Int: 21    God:
Gold:   104        SH:  0    Dex: 14    Spells: 12/20 levels left

rFire   . . .        e - +0 dagger (venom)
rCold   . . .        (no shield)
rNeg    . . .        b - +0 robe
rPois   .            c - +0 hat
rElec   .            (no cloak)
rCorr   .            f - +1 pair of gloves {Str+3}
SInv    .            x - +1 pair of boots
Will    .....        o - amulet of magic regeneration
Stlth   ++           (no ring)
HPRegen 0.26/turn    (no ring)
MPRegen 0.56/turn

%: no passive effects
@: on blink cooldown
A: no striking features
a: no special abilities


You were on level 5 of the Dungeon.
You visited 1 branch of the dungeon, and saw 5 of its levels.

You collected 176 gold pieces.
You spent 72 gold pieces at shops.

Inventory:

Hand Weapons
 e - a +0 dagger of venom (weapon)
 m - a +0 club
 A - the +10 short sword of the Queen {antimagic, Str+4 Int+6 Dex-4}
   (You found it on level 3 of the Dungeon)

   Str+4:     It affects your strength (+4).
   Int+6:     It affects your intelligence (+6).
   Dex-4:     It affects your dexterity (-4).
 H - the +7 spear of Gaqoeger {holy, rPois rF- rN+ SInv}
   (You found it on level 4 of the Dungeon)

   rF-:       It makes you vulnerable to fire.
   rPois:     It protects you from poison rN+: It protects you from negative
   energy.
   SInv:      It lets you see invisible.
Missiles
 z - 5 curare-tipped darts
Armour
 b - a +0 robe (worn)
 c - a +0 hat (worn)
 f - a +1 pair of gloves of strength (worn)
 l - a +0 buckler
 x - a +1 pair of boots (worn)
Jewellery
 o - an amulet of magic regeneration (around neck)
 y - a ring of ice
 D - an amulet of guardian spirit
Wands
 F - a wand of paralysis (8)
Scrolls
 g - a scroll of acquirement {unknown}
 h - 2 scrolls of blinking {unknown}
 k - 6 scrolls of identify {unknown}
 r - 5 scrolls of teleportation {unknown}
 s - a scroll of vulnerability {unknown}
 u - a scroll of torment {unknown}
 w - a scroll of noise {unknown}
Potions
 a - a potion of resistance {unknown}
 d - 2 potions of magic
 i - a potion of mutation {unknown}
 j - 3 potions of berserk rage {unknown}
 n - 2 potions of might {unknown}
 p - a potion of attraction {unknown}
 q - 3 potions of brilliance {unknown}
 t - 3 potions of haste {unknown}
 v - a potion of degeneration {unknown}
 B - a potion of ambrosia {unknown}
 C - a potion of lignification {unknown}
 E - 3 potions of curing
 G - a potion of invisibility {unknown}


   Skills:
 + Level 1.4 Fighting
 - Level 1.0 Armour
 - Level 3.0 Dodging
 - Level 3.0 Stealth
 - Level 1.0 Shields
 * Level 7.0 Spellcasting
 + Level 5.1 Conjurations
 - Level 1.1 Summonings
 - Level 1.1 Translocations
 - Level 1.0 Air Magic
 - Level 1.0 Poison Magic
 + Level 0.6 Evocations


You had 12 spell levels left.
You knew the following spells:

 Your Spells              Type           Power      Damage    Failure   Level
a - Magic Dart            Conj           100%       1d8       1%          1
b - Mephitic Cloud        Conj/Pois/Air  17%        N/A       10%         3
c - Call Imp              Summ           24%        N/A       9%          2
d - Blink                 Tloc           24%        N/A       9%          2

Your spell library contained the following spells:

 Spells                   Type           Power      Damage    Failure   Level
 Slow                     Hex            28%        N/A       9%          1
 Lesser Beckoning         Tloc           24%        N/A       9%          2
 Cigotuvi's Dreadful Rot  Necr/Pois/Air  20%        N/A       10%         2
 Call Canine Familiar     Summ           12%        N/A       17%         3
 Gell's Gravitas          Tloc           12%        N/A       17%         3
 Teleport Other           Tloc           12%        N/A       17%         3
 Sigil of Binding         Hex            7%         N/A       26%         3
 Dimensional Bullseye     Hex/Tloc       4%         N/A       56%         4
 Leda's Liquefaction      Hex/Erth       3%         N/A       65%         4


Dungeon Overview and Level Annotations

Branches:
Dungeon (5/15)
 Temple: D:4-7

Altars:
Fedhas
Gozag
Uskayaw

Shops:
D:3 [   D:5 *


Message History

You hit the ice beast but do no damage.
The ice beast is poisoned.
The ice beast is moderately wounded.
Your cerulean imp hits the ice beast but does no damage.
The ice beast hits you. The ice beast freezes you!
You hit the ice beast but do no damage.
The ice beast is moderately wounded.
Your cerulean imp hits the ice beast but does no damage.
The ice beast misses you.
You barely miss the ice beast.
The ice beast is heavily wounded.
Your cerulean imp closely misses the ice beast.
The ice beast hits you. The ice beast freezes you!
Casting: Magic Dart (safe; 1% risk of failure)
Confirm with . or Enter, or press ? or * to list all spells.
You blink.
Your cerulean imp hits the ice beast but does no damage.
The ice beast barely misses your cerulean imp.
Unknown command.
Casting: Blink (safe; 9% risk of failure)
Confirm with . or Enter, or press ? or * to list all spells.
Aiming: Magic Dart (safe; 1% risk of failure)
Press: ? - help, Shift-Dir - straight line, f/p - ice beast
Aim: an ice beast (heavily wounded, very poisoned, ally target, 100% to hit)
The magic dart hits the ice beast but does no damage.
The ice beast is heavily wounded.
Your cerulean imp barely misses the ice beast.
The ice beast hits your cerulean imp.
The ice beast freezes your cerulean imp!
Your cerulean imp dies!
Your cerulean imp disappears in a puff of smoke!
Casting: Magic Dart (safe; 1% risk of failure)
Confirm with . or Enter, or press ? or * to list all spells.
A tiny devil pulls itself out of the air.
Casting: Call Imp (safe; 9% risk of failure)
Confirm with . or Enter, or press ? or * to list all spells.
Okay, then.
You hit the ice beast but do no damage.
The ice beast is severely wounded.
The ice beast hits you. The ice beast freezes you!
You die...

#..# ##.##
#..# #########
##.###........
##.##........
#.#.........
##5.........
#ยง.Y.......
##.@.......
#.........
#.........
#.........
#.........
#.........
#.........
####......


You could see an ice beast (poisoned, ally target) and a friendly cerulean imp
(summoned).

Vanquished Creatures
  Sigmund (D:3)
  An orc priest (D:4)
  Jessica (D:2)
  Natasha (thrice) (D:2)
  An iguana (D:4)
  An orc wizard (D:4)
  11 gnolls
  4 adders
  An ufetubus (D:4)
  A worm (D:3)
  A dart slug (D:3)
  7 orcs
  2 endoplasms
  A giant cockroach (D:3)
  10 goblins
  6 hobgoblins
  8 jackals
  6 kobolds
  3 quokkas
  5 ball pythons
  3 bats
  5 frilled lizards
  3 rats
85 creatures vanquished.

Vanquished Creatures (collateral kills)
  A gnoll (D:2)
1 creature vanquished.

Grand Total: 86 creatures vanquished

Notes
Turn   | Place    | Note
-------+----------+-------------------------------------------
     0 | D:1      | pokeman the Deep Elf Hedge Wizard began the quest for the
                  | Orb.
     0 | D:1      | Reached XP level 1. HP: 10/10 MP: 7/7
   314 | D:1      | Reached XP level 2. HP: 7/16 MP: 5/9
  1126 | D:2      | Reached skill level 5 in Spellcasting
  1164 | D:2      | Reached XP level 3. HP: 20/20 MP: 4/11
  1182 | D:1      | Learned a level 3 spell: Mephitic Cloud
  1185 | D:1      | Learned a level 2 spell: Call Imp
  1188 | D:1      | Learned a level 2 spell: Blink
  1285 | D:2      | Reached skill level 1 in Fighting
  1288 | D:2      | Reached skill level 1 in Armour
  1418 | D:2      | Noticed Natasha
  1419 | D:2      | Noticed Jessica
  1429 | D:2      | Killed Natasha
  1430 | D:2      | Reached XP level 4. HP: 25/25 MP: 8/13
  1431 | D:2      | Noticed Natasha
  1438 | D:2      | Killed Jessica
  1441 | D:2      | Killed Natasha
  1442 | D:2      | Reached skill level 6 in Spellcasting
  1442 | D:2      | Reached XP level 5. HP: 29/29 MP: 6/15
  1458 | D:2      | Noticed Natasha
  1471 | D:2      | Killed Natasha
  1996 | D:3      | Found a hide-covered altar of Uskayaw.
  2043 | D:3      | Noticed Sigmund
  2097 | D:3      | Killed Sigmund
  2098 | D:3      | Reached XP level 6. HP: 34/34 MP: 13/17
  2120 | D:3      | Found an opulent altar of Gozag.
  2328 | D:3      | Found Vidwoq's Antique Armour Shop.
  2425 | D:3      | Found a blossoming altar of Fedhas.
  2915 | D:3      | Identified the +10 short sword of the Queen {antimagic,
                  | Str+4 Int+6 Dex-4}
  3123 | D:4      | Reached skill level 1 in Air Magic
  3123 | D:4      | Reached skill level 1 in Poison Magic
  3188 | D:4      | Reached skill level 5 in Conjurations
  3192 | D:4      | Reached skill level 1 in Shields
  3565 | D:4      | Identified the +7 spear of Gaqoeger {holy, rPois rF- rN+
                  | SInv}
  3609 | D:4      | Reached XP level 7. HP: 38/38 MP: 17/19
  3842 | D:5      | Entered Level 5 of the Dungeon
  3842 | D:5      | Found Fierph's General Store.
  3845 | D:5      | Bought 2 potions of curing for 72 gold pieces
  3947 | D:5      | Reached skill level 7 in Spellcasting
  3992 | D:5      | Slain by an ice beast

Illustrated notes

Levels and vault maps discovered:
D:1:      sevenhm_arrival_forest_fort_large_4, layout_basic, chequers_jeans
D:2:      minmay_chambers_of_ones, layout_rooms, uniq_natasha, uniq_jessica
D:3:      layout_loops_corners, mainiacjoe_overflow_small_starburst,
          mainiacjoe_overflow_cross_hatched, eat_drink_and_be_merry_uskayaw,
          serial_shops, shop, kennysheep_donut, uniq_sigmund
D:4:      layout_loops_cross
D:5:      layout_cave_pods, nicolae_overflow_hidden_temple,
          mainiacjoe_overflow_six_doors_small, serial_shops, shop,
          kennysheep_generic_room_7

Skill      XL: |  1  2  3  4  5  6  7 |
---------------+----------------------+-----
Spellcasting   | 5 6 7 |  7.0
Fighting       | 1 |  1.4
Armour         | 1 |  1.0
Conjurations   | 2 4 5 |  5.1
Dodging        | 3 |  3.0
Stealth        | 3 |  3.0
Air Magic      | 1 |  1.0
Poison Magic   | 1 |  1.0
Shields        | 1 |  1.0
Summonings     | |  1.1
Translocations | |  1.1
Evocations     | |  0.6

Action                     |  1- 3 |  4- 6 |  7- 9 || total
---------------------------+-------+-------+-------++-------
  Melee: Dagger            |    30 |    53 |    20 ||   103
         Punch             |       |     2 |       ||     2
   Cast: Magic Dart        |    47 |    75 |    20 ||   142
         Mephitic Cloud    |     3 |    16 |     5 ||    24
         Call Imp          |     1 |       |     2 ||     3
         Blink             |       |     1 |     1 ||     2
   Stab: Confused          |     1 |     5 |       ||     6
 Armour: Robe              |    16 |    20 |     7 ||    43
  Dodge: Dodged            |    18 |    26 |    18 ||    62

Table legend: (Time is in decaauts)
 A = Elapsed time spent in this place.
 B = Non-inter-level travel time spent in this place.
 C = Inter-level travel time spent in this place.
 D = Time resting spent in this place.
 E = Time spent auto-exploring this place.
 F = Levels seen in this place.
 G = Mean time per level.
                   A        B        C        D        E       F      G
               +--------+--------+--------+--------+--------+-----+--------+
         Total |   3990 |   3855 |    135 |    107 |   3132 |   5 |  798.0 |
       Dungeon |   3990 |   3855 |    135 |    107 |   3132 |   5 |  798.0 |
               +--------+--------+--------+--------+--------+-----+--------+

Top non-repeatable levels by time:
     D:3: 1104 daAuts
     D:1: 1096 daAuts
     D:2: 862 daAuts
     D:4: 777 daAuts
     D:5: 149 daAuts
